[Event "Fall GM-C Norm Invitational 2022"]
[Site "Charlotte"]
[Date "2022.11.18"]
[Round "2"]
[White "Escobar Forero, Alder"]
[Black "Macieja, Bartlomiej"]
[Result "0-1"]
[ECO "B11"]
[WhiteElo "2510"]
[BlackElo "2514"]
[Annotator "TA"]
[PlyCount "69"]
[EventDate "2022.11.18"]
[EventType "tourn"]
[EventCountry "USA"]
[SourceTitle "playchess.com"]
[Source "ChessBase"]
[SourceQuality "1"]
[TimeControl "5400+30"]

1. e4 c6 2. Nc3 d5 3. Nf3 Bg4 4. h3 Bxf3 5. Qxf3 e6 6. Be2 dxe4 {[%emt 0:09:27] B11: Caro-Kann: Two Knights Variation.} 7. Nxe4 Nd7 8. O-O Ngf6 {[%emt 0:00:08] White is slightly better.} 9. d3 Be7 10. Qg3 O-O ({Resist} 10... Nxe4 11. dxe4 O-O 12. Rd1 $16) 11. Bf4 {[%emt 0:07:07] [#]} Qa5 $146 ({Predecessor:} 11... Kh8 12. Nd6 Nd5 {½-½ (12) Neumann,F (2036)-Zabystrzan,P (2244) Czech Republic 2020}) 12. Bh6 {[%emt 0:15:43][%csl Gh6][%cal Rg3g7] [#]} Ne8 13. d4 Ndf6 14. Nxf6+ Bxf6 15. Rfd1 Qb6 16. Be3 Qxb2 17. Bd3 Qa3 18. Rab1 Qe7 19. Rb3 (19. c3 $15) 19... Rd8 20. Rdb1 b6 21. Rb4 g6 (21... Nc7 {keeps more tension.} 22. Rc4 Qd7 23. c3 Rfe8) 22. Qf3 Rd6 23. Be4 Ng7 24. Bxc6 Nf5 25. c3 Rc8 26. Rc4 Bg5 (26... Nxe3 $17 27. fxe3 Bg5) 27. Bxg5 $15 Qxg5 28. Bd5 Rdd8 $17 29. Rxc8 Rxc8 30. Bb7 (30. Bb3 $15) 30... Rc7 31. Be4 Nd6 32. Bc6 Nc4 {[%emt 0:00:37] [#] aiming for ...Nd2.} 33. Rd1 Nb2 {[%emt 0:01:15] Black is more active.} 34. Re1 Qd2 35. Rb1 {[%emt 0:01:02] Weighted Error Value: White=0.20 (precise) /Black=0.15 (very precise)} 0-1

[Event "Fall GM-C Norm Invitational 2022"]
[Site "Charlotte"]
[Date "2022.11.18"]
[Round "2"]
[White "Georgiev, Vladimir"]
[Black "Ippolito, Dean"]
[Result "1/2-1/2"]
[ECO "A48"]
[WhiteElo "2406"]
[BlackElo "2368"]
[Annotator "TA"]
[PlyCount "25"]
[EventDate "2022.11.18"]
[EventType "tourn"]
[EventCountry "USA"]
[SourceTitle "playchess.com"]
[Source "ChessBase"]
[SourceQuality "1"]
[TimeControl "5400+30"]

1. d4 Nf6 2. Nf3 g6 3. Nbd2 Bg7 4. e4 O-O 5. e5 Nh5 6. g4 {[%emt 0:01:56] A48: 1 d4 Nf6 2 Nf3 g6: Torre, London and Colle Systems.} Nf4 {[%emt 0:00:04] [#]} 7. Nb3 $146 ({Predecessor:} 7. Ne4 d5 8. Ng3 Ne6 9. Nf5 c5 10. Nxg7 Nxg7 11. h3 cxd4 12. Bh6 Qa5+ 13. Qd2 Qxd2+ 14. Nxd2 {1-0 (34) Vidit,S (2727)-Grandelius,N (2672) Wijk aan Zee 2022}) 7... Nd5 8. c4 {[%emt 0:05:16] The position is equal.} Nb6 9. c5 Nd5 10. Bc4 c6 11. Qe2 d6 12. h3 b6 (12... a5 $5 ) 13. Bg5 {[%emt 0:09:16] Weighted Error Value: White=0.07 (flawless) /Black=0.03 (flawless)} 1/2-1/2

[Event "Fall GM-C Norm Invitational 2022"]
[Site "Charlotte"]
[Date "2022.11.18"]
[Round "2"]
[White "Sethuraman, Sandeep"]
[Black "Gedajlovic, Max"]
[Result "0-1"]
[ECO "E32"]
[WhiteElo "2371"]
[BlackElo "2317"]
[Annotator "TA"]
[PlyCount "136"]
[EventDate "2022.11.18"]
[EventType "tourn"]
[EventCountry "USA"]
[SourceTitle "playchess.com"]
[Source "ChessBase"]
[SourceQuality "1"]
[TimeControl "5400+30"]

1. d4 Nf6 2. c4 e6 3. Nc3 Bb4 4. Qc2 d6 5. f3 c5 6. dxc5 {[%emt 0:00:39] [#] E32: Nimzo-Indian: Classical (4 Qc2): 4...0-0.} Bxc5 $146 ({Predecessor:} 6... dxc5 7. e4 Nc6 8. Nge2 O-O 9. a3 Bxc3+ 10. Qxc3 e5 11. Ng3 Nd4 12. Be2 Be6 {½-½ (39) Trevelyan,J (2145)-Williams,A (2340) Cardiff 2004}) 7. Nh3 Nc6 8. Bg5 {[%emt 0:09:58] Black is slightly better.} h6 9. Bh4 Qa5 10. O-O-O (10. e4 $15) 10... Bd7 (10... Nb4 $17 11. Qa4+ Qxa4 12. Nxa4 Be3+ 13. Kb1 e5) 11. Bf2 {[%emt 0:07:42] Prevents Be3+.} (11. Kb1 $11) 11... Rc8 12. Kb1 d5 13. Bxc5 Qxc5 14. cxd5 exd5 {[%emt 0:06:03] White must now prevent ...Nb4.} (14... Nb4 $6 15. Qd2 $15) 15. e4 (15. Nxd5 $2 Qxc2+ 16. Kxc2 Nxd5 $19) 15... dxe4 $1 16. fxe4 O-O $1 {[%emt 0:03:14] Black is more active.} 17. Qf2 Qa5 18. Nf4 Nxe4 19. Nxe4 $15 Bf5 20. Qe1 ({White has to play} 20. Bd3 $15 Nb4 21. Nc3) 20... Rfe8 $40 {[%emt 0:02:56][%mdl 128] Black goes for the king.} ({And not} 20... Nb4 21. a3 Qc7 22. axb4 $11) (20... Qa4 $1 $19 21. b3 Bxe4+ 22. Kb2 Qb4 23. Qxb4 Nxb4) 21. Bd3 $17 Qe5 22. Rf1 {[%emt 0:08:10] aiming for Ng3.} Bxe4 23. Bxe4 Qxe4+ 24. Qxe4 Rxe4 25. Rd3 (25. Rf2 $17 {was called for.}) 25... Rd8 (25... Ne5 $19 26. Rdd1 Nc4) 26. Rg3 Ne5 27. Rc3 (27. Nh5 $17 Ng6 28. Rc3) 27... Nc4 $19 {[%emt 0:01:31] Strongly threatening ...Nd2+.} 28. Kc1 {[%emt 0:01:03] [#]} Nd2 $1 29. Rd1 Rxf4 30. Rxd2 {[%emt 0:00:01][%mdl 4096] Endgame KRR-KRR} Rf1+ 31. Kc2 Rxd2+ 32. Kxd2 {[%emt 0:00:03] KR-KR} Rf2+ 33. Kc1 Rxg2 34. Rc8+ Kh7 35. Rc7 f5 36. Rxb7 Kg6 37. Rxa7 {[%emt 0:00:46] [#]} f4 $1 ({Weaker is} 37... Rxh2 38. b4 $17) 38. Kd1 $2 (38. Ra8 Rxh2 39. b4) 38... Rxb2 39. h4 Rh2 40. a4 Rxh4 41. a5 Rh2 42. a6 Ra2 43. Ra8 Kh5 44. a7 g5 45. Ke1 g4 46. Kf1 f3 {[%emt 0:00:19] ( -> ...g3)} 47. Ke1 g3 48. Rf8 Ra1+ (48... g2 $142 49. Rf5+ Kg4 50. Rxf3 g1=Q+ 51. Rf1 Qe3+ 52. Kd1 Qd2#) 49. Kd2 g2 50. Rg8 f2 51. a8=Q Rxa8 52. Rxa8 f1=Q {[%emt 0:00:11] KQ-KR. Black mates.} 53. Ra5+ Kg6 54. Rc5 Qf2+ 55. Kd3 Qxc5 56. Ke4 Qf5+ 57. Kd4 g1=B+ 58. Kc4 Qe4+ 59. Kc3 Bd4+ 60. Kc4 Be5+ 61. Kc5 Qd4+ 62. Kb5 h5 63. Kc6 h4 64. Kb5 h3 65. Kc6 h2 66. Kb7 h1=R 67. Kc6 Rc1+ 68. Kb7 Qb2+ {[%emt 0:00:04] Weighted Error Value: White=0.44/Black=0.16 (very precise)} 0-1

[Event "Fall GM-C Norm Invitational 2022"]
[Site "Charlotte"]
[Date "2022.11.18"]
[Round "2"]
[White "Rodriguez Garcia, Victor"]
[Black "Wang, Tianqi"]
[Result "0-1"]
[ECO "B07"]
[WhiteElo "2350"]
[BlackElo "2428"]
[Annotator "TA"]
[PlyCount "102"]
[EventDate "2022.11.18"]
[EventType "tourn"]
[EventCountry "USA"]
[SourceTitle "playchess.com"]
[Source "ChessBase"]
[SourceQuality "1"]
[TimeControl "5400+30"]

1. e4 d6 2. d4 Nf6 3. Nc3 g6 4. g3 Bg7 5. Bg2 O-O 6. Nge2 e5 7. h3 exd4 8. Nxd4 Re8 9. O-O Nbd7 10. Re1 Nc5 11. Bf4 {[%emt 0:07:01] B07: Pirc Defence: Miscellaneous Systems.} a5 ({Black should try} 11... Nh5 $11) 12. Qd2 $14 {[%emt 0:01:23] [#]} a4 $146 ({Predecessor:} 12... Nfd7 13. Bg5 Nf6 14. Rad1 c6 15. Nb3 Ne6 16. Bh6 Bxh6 17. Qxh6 Qc7 18. Qd2 a4 {1-0 (59) Kovalevskaya,E (2419)-Umudova,N (2220) Batumi 2012}) 13. Rad1 {[%emt 0:03:01] White is better.} c6 14. Qc1 Nh5 15. Be3 Qa5 {[%emt 0:10:30] Inhibits Ndb5.} 16. a3 Bf8 17. Bh6 Ng7 18. Nde2 (18. Kh2 $14) 18... Be6 19. Rd4 f5 20. Bd2 {[%emt 0:05:14][%cal Oc3d5] [#] Threatens to win with Nd5!} Qc7 21. Bf4 Bf7 22. Red1 Rad8 23. e5 Nge6 24. exd6 Qc8 25. R4d2 Nxf4 26. Nxf4 ({Reject} 26. gxf4 Rd7 27. Rd4 Qd8 $17) 26... Qb8 27. d7 Re7 28. h4 Qc7 29. Re2 Rexd7 30. Rxd7 Rxd7 31. Nh3 h6 {[%emt 0:01:59] Against Ng5} 32. Nf4 Qd6 33. Qe1 Re7 ({Better is} 33... Bg7 $17 34. Re3 Bd4) 34. Rxe7 Bxe7 35. Bf1 Bxh4 36. Nd3 $2 {[%emt 0:01:10] Loses the game.} (36. gxh4 $15 Qxf4 37. Qe7 Qg4+ 38. Bg2) 36... Bf6 $19 37. Nf4 h5 38. Ng2 b5 39. Qe3 (39. Nd1 $142) 39... Ne6 40. Qe1 $2 (40. Nf4 {was necessary.}) 40... Bd4 41. Kh1 Ng5 {[%emt 0:00:25] White must now prevent ...b4.} 42. Be2 Nh3 {[%emt 0:02:12] Black is clearly winning.} 43. Nd1 {[%emt 0:00:15] [#]} (43. f4 $142 b4 44. axb4 Nf2+ 45. Kh2 Qxb4 46. Qa1) 43... Nxf2+ $1 44. Nxf2 (44. Kh2 Ne4) 44... Qxg3 {[%emt 0:00:03] ( -> ...Bd5)} 45. Kg1 Bd5 46. Bf1 Be5 (46... h4 $142 47. Qe8+ Kg7 48. Qe7+ Bf7 49. Qxh4 Bxf2+ 50. Kh1 Qxh4+ 51. Nxh4 Bxh4) 47. Nh1 Qh2+ 48. Kf2 Bd4+ {[%emt 0:00:08] This bishop pair is nice.} 49. Ke2 Bxg2 50. Bxg2 Qxg2+ 51. Kd1 Bxb2 {[%emt 0:00:48] Weighted Error Value: White=0.99/Black=0.20 (precise)} 0-1

[Event "Fall GM-C Norm Invitational 2022"]
[Site "Charlotte"]
[Date "2022.11.19"]
[Round "3"]
[White "Macieja, Bartlomiej"]
[Black "Georgiev, Vladimir"]
[Result "0-1"]
[ECO "D25"]
[WhiteElo "2514"]
[BlackElo "2406"]
[Annotator "TA"]
[PlyCount "98"]
[EventDate "2022.11.18"]
[EventType "tourn"]
[EventCountry "USA"]
[SourceTitle "playchess.com"]
[Source "ChessBase"]
[SourceQuality "1"]
[TimeControl "5400+30"]

1. Nf3 d5 2. d4 Nf6 3. c4 dxc4 4. e3 a6 5. Bxc4 b5 6. Be2 {[%emt 0:02:18] D25: Queen's Gambit Accepted: 4 e3: sidelines and 4...Bg4.} e6 7. a4 b4 (7... Bb4+ 8. Bd2 Bxd2+ 9. Nbxd2 $16) 8. O-O {[%emt 0:04:26] The position is equal.} Bb7 9. b3 Nbd7 10. Bb2 Be7 11. Nbd2 O-O 12. Nc4 c5 13. Nfe5 cxd4 14. Bxd4 Nxe5 15. Nxe5 {[%emt 0:01:57] [#]} Ne4 $146 ({Predecessor:} 15... Nd5 16. Rc1 Bf6 17. Bf3 Nc3 18. Bxc3 Bxf3 19. Nxf3 bxc3 20. Nd4 Rc8 {0-1 (42) Averjanov,A (2399)-Tari,A (2656) Chess.com INT 2022}) 16. Rc1 {[%emt 0:04:29] Prevents Nc3.} Bf6 (16... Rc8 $11 {deserves consideration.}) 17. Bf3 (17. f3 $1 $14 Nd6 18. e4) 17... Qd5 (17... Rc8 $11) 18. Ba1 Bxe5 $15 19. Qxd5 Bxh2+ 20. Kxh2 Bxd5 21. Bxe4 Bxe4 22. Rc4 ({White should try} 22. f3 $15 Bd5 23. Rb1) 22... Bd5 (22... Bd3 $17 23. Rg4 f6) 23. Rxb4 Rab8 24. Rg4 f6 $1 (24... Rxb3 {leads to mate.} 25. Rxg7+ (25. Bxg7 f5 $14) 25... Kh8 26. Rxf7+ Kg8 27. Rg7+ Kh8 28. Rg6+) 25. b4 Bb3 26. b5 axb5 27. axb5 Rxb5 28. Rc1 h5 29. Rd4 e5 30. Rd7 Rf7 31. Rxf7 Bxf7 {[%emt 0:00:08][%mdl 4096] Endgame KRB-KRB} 32. Bc3 Bd5 33. f3 Kf7 34. e4 Be6 35. Ra1 Rb7 36. Ra6 g5 37. Ba5 Rb2 38. Bd8 Rd2 39. Ra7+ Kg6 40. Ra6 $2 {[%emt 0:00:45][%mdl 8192] White does not recover from this.} (40. Be7 $15) 40... Rxd8 $19 {[%emt 0:00:40] Black is clearly winning.} 41. Rxe6 {[%emt 0:00:02] [#] KR-KR} g4 $1 42. Re7 Kg5 43. Kg3 h4+ 44. Kh2 gxf3 45. gxf3 Rd2+ 46. Kh3 Rf2 47. Rg7+ Kf4 48. Rg4+ Kxf3 49. Rxh4 Ke3 {[%emt 0:00:27] Weighted Error Value: White=0.57/Black=0.15 (very precise)} 0-1

[Event "Fall GM-C Norm Invitational 2022"]
[Site "Charlotte"]
[Date "2022.11.19"]
[Round "3"]
[White "Wang, Tianqi"]
[Black "Escobar Forero, Alder"]
[Result "1-0"]
[ECO "B22"]
[WhiteElo "2428"]
[BlackElo "2510"]
[Annotator "TA"]
[PlyCount "97"]
[EventDate "2022.11.18"]
[EventType "tourn"]
[EventCountry "USA"]
[SourceTitle "playchess.com"]
[Source "ChessBase"]
[SourceQuality "1"]
[TimeControl "5400+30"]

1. e4 c5 2. c3 Nf6 3. e5 Nd5 4. Nf3 d6 5. exd6 Qxd6 (5... e6 {with more complications.} 6. d4 cxd4 7. c4 Nf6) 6. d4 {[%emt 0:00:22] B22: Sicilian: 2 c3.} e6 7. dxc5 Qxc5 8. Bd3 {[%emt 0:00:06] The position is equal.} Be7 9. O-O {[%emt 0:00:29] [#]} Nd7 $146 ({Predecessor:} 9... O-O 10. a3 Qc7 11. Nbd2 Nc6 12. Re1 b6 13. Nc4 Bb7 14. Nfe5 Nxe5 15. Nxe5 Bd6 {1-0 (26) Pcola,P (2275)-Kudla,M Slovakia 1993}) 10. a3 (10. c4 $5 Nb4 11. Be2 $14) 10... Qc7 11. Re1 $1 O-O 12. Qc2 (12. c4 $5 Nf4 13. Nc3 $11) 12... g6 ({Black should play} 12... h6 $11) 13. Bh6 Rd8 14. Nbd2 Nc5 15. Bf1 Bd7 (15... b6 $11 {keeps the balance.}) 16. c4 (16. b4 {keeps more tension.} Na4 17. c4 b5 18. Rac1) 16... Nf6 17. Bg5 $36 {[%emt 0:10:05][%mdl 2048] White has good play.} (17. h3 {feels hotter.} Ba4 18. b3 Bc6 19. b4) 17... Be8 (17... Bc6 $14) 18. b4 $16 Na4 19. Rac1 a5 20. c5 {[%emt 0:01:15] Against h6. Threatens to win with b5.} axb4 21. axb4 b5 {[%emt 0:07:11] Against Qc4} (21... Nd5 $16) 22. Bh4 (22. Ne4 $18 Nxe4 23. Bxe7 (23. Qxe4 Bxg5 24. Nxg5 h6 $16) 23... Qxe7 24. Qxe4 (24. Rxe4 Bc6 $16)) 22... Rd5 (22... Bc6 $142) 23. Bg3 Qd8 24. Nb3 {[%emt 0:00:26] White is more active.} Rc8 (24... Bf8 $16) 25. Be5 $18 Ng4 (25... Nd7 $142 26. Ba1 (26. Bxb5 $2 Nxe5 27. Rxe5 Bxb5 $19) 26... Bf6 27. Bxb5 Bxa1) 26. Ba1 Bf6 {[%emt 0:00:19] [#]} 27. Nbd4 $1 Bxd4 28. Nxd4 e5 $2 (28... Rxd4 $2 29. Bxd4 Qxd4 30. Re4) (28... Nxh2 29. Kxh2 (29. Bxb5 Bxb5 30. Nxb5 Qh4 $16) 29... Rxd4) 29. Nb3 (29. Bxb5 Bxb5 30. Nxb5 Rd2 $18) 29... f6 (29... Qh4 $2 30. h3 Nf6 31. Bxe5) 30. Qe4 Nh6 31. f4 Nf7 32. fxe5 fxe5 33. Be2 Bc6 34. Qe3 Qh4 35. Na5 {[%emt 0:01:56] And now Nxc6 would win.} Ba8 (35... Qxb4 $2 36. Nxc6 Rxc6 37. Bf3 Rcxc5 38. Bxd5 Rxd5 39. Rc8+ Kg7 40. Rc7 $18) 36. Rb1 {[%emt 0:01:09] Strongly threatening Bf3.} ({Not} 36. Bxb5 Qxb4 37. Ba6 Rcxc5 $16) 36... Rb8 $2 (36... Nxc5 {was worth a try.} 37. bxc5 Rdxc5) 37. Bf3 Rd7 (37... Re8 $142 38. Bxd5 Bxd5) 38. c6 Re7 39. Bd5 {[%emt 0:00:12] aiming for Bxf7+.} Nb6 40. Bxf7+ (40. Bxe5 $2 {is the wrong capture.} Nxd5 41. Qg3 Qxg3 42. Bxg3 Rxe1+ 43. Rxe1 Rc8 $19) 40... Kxf7 41. Rf1+ Ke8 42. Qf3 {[%emt 0:01:00] Inhibits Nd5.} (42. Bxe5 $142 Rd8 {[#]} 43. Qf3 $1) 42... Qf4 43. Qe2 Qg5 44. Qxb5 {[%emt 0:00:17] c7+ would kill now.} Kd8 {[%emt 0:00:35] Prevents c7+.} 45. Rf8+ Kc7 46. Rxb8 Qe3+ 47. Kh1 Kxb8 48. Qc5 (48. Nc4 $142 Bxc6 49. Qxc6 Nxc4 50. Qxc4) 48... Qd3 49. Qxb6+ {[%emt 0:00:42] Weighted Error Value: White=0.20 (precise) /Black=0.54} 1-0

[Event "Fall GM-C Norm Invitational 2022"]
[Site "Charlotte"]
[Date "2022.11.19"]
[Round "3"]
[White "Ippolito, Dean"]
[Black "Sethuraman, Sandeep"]
[Result "1-0"]
[ECO "E04"]
[WhiteElo "2368"]
[BlackElo "2371"]
[Annotator "TA"]
[PlyCount "80"]
[EventDate "2022.11.18"]
[EventType "tourn"]
[EventCountry "USA"]
[SourceTitle "playchess.com"]
[Source "ChessBase"]
[SourceQuality "1"]
[TimeControl "5400+30"]

1. d4 Nf6 2. c4 e6 3. g3 d5 4. Bg2 dxc4 5. Nf3 a6 6. O-O Nc6 7. Nbd2 {[%emt 0:00:06] E04: Open Catalan: 5 Nf3.} Nxd4 (7... b5 {feels hotter.} 8. Ne5 Nxe5 9. Bxa8 Qxd4 10. Ne4 Qa7) 8. Nxc4 Nxf3+ 9. Bxf3 {[%emt 0:00:04] The position is equal.} Qxd1 10. Rxd1 Nd5 {[%emt 0:00:12] Inhibits Bf4.} 11. e4 Nb6 12. Nxb6 cxb6 13. e5 Rb8 14. Be3 Bc5 15. Rac1 Bxe3 16. fxe3 O-O (16... Bd7 $14) 17. Rc7 $16 {[%emt 0:02:00][%mdl 1024] White has strong compensation.} b5 {[%emt 0:01:04] [#]} 18. b4 $146 ({Predecessor:} 18. Re7 b4 19. Rc1 a5 20. Rcc7 Ra8 21. h4 a4 22. Rc4 b3 23. axb3 axb3 24. Rc3 {½-½ (41) Fodor,B (2120)-Chen,J (2263) Budapest 2021}) 18... g6 19. g4 Re8 20. Kf2 Kf8 {[%emt 0:00:54] [#]} 21. Rdc1 $1 {[%emt 0:00:29] White is much more active. The black rooks are badly placed.} Rd8 22. Ke2 Ke8 23. g5 Ra8 $1 24. a3 ({But not} 24. Bxb7 Bxb7 25. Rxb7 Rac8 $11) 24... a5 $1 25. R1c2 $36 {[%emt 0:08:23][%mdl 2048] White fights for an advantage.} axb4 26. axb4 Bd7 ({Black should try} 26... Kf8 $14) 27. Bxb7 ({Don't play} 27. Rxb7 $6 Rab8 $16) 27... Ra7 {[%emt 0:05:54] [#] A mistake that costs the game.} (27... Ra4 $16) 28. Rd2 $1 $18 Ke7 29. h3 Ke8 30. Rd6 Ra2+ 31. Kf3 Ra7 32. Ke4 {[%emt 0:01:31] Hoping for Kd4.} Ke7 $2 (32... Ra4 33. Rdxd7 Rxd7) 33. Kd4 Ke8 {[%emt 0:00:36] [#]} 34. Rcxd7 $1 Rxd7 {[%emt 0:00:27][%mdl 4096] Endgame KRR-KRB} 35. Bc6 $1 {[%emt 0:00:05][%csl LRb5,LRd7][%mdl 64] Pin, Double Attack} Kd8 36. Rxd7+ {[%emt 0:01:11] White mates.} Rxd7+ 37. Bxd7 Kxd7 38. Kc5 Kc7 39. Kxb5 Kb7 40. Kc5 Kc7 {[%emt 0:00:01] Weighted Error Value: White=0.05 (flawless) /Black=0.32} 1-0

[Event "Fall GM-C Norm Invitational 2022"]
[Site "Charlotte"]
[Date "2022.11.19"]
[Round "3"]
[White "Gedajlovic, Max"]
[Black "Slade, Theodore"]
[Result "1-0"]
[ECO "D37"]
[WhiteElo "2317"]
[BlackElo "2028"]
[Annotator "TA"]
[PlyCount "65"]
[EventDate "2022.11.18"]
[EventType "tourn"]
[EventCountry "USA"]
[SourceTitle "playchess.com"]
[Source "ChessBase"]
[SourceQuality "1"]
[TimeControl "5400+30"]

1. d4 d5 2. c4 e6 3. Nf3 Nf6 4. Nc3 Be7 5. Bf4 O-O 6. a3 c5 7. dxc5 Bxc5 8. e3 Nc6 9. Qc2 dxc4 10. Bxc4 a6 {[%emt 0:13:13] D37: Queen's Gambit Declined: 5 Bf4.} 11. Rd1 {[%emt 0:05:06] Prevents b5.} Bd7 12. O-O {[%emt 0:05:51] [#]} Rc8 $146 {[%emt 0:13:21] White is better.} ({Predecessor:} 12... h6 13. Ba2 Re8 14. Bb1 e5 15. Bg3 g6 16. Nd5 Be7 17. Nxe5 Nxe5 18. Bxe5 Nxd5 19. Rxd5 {½-½ (54) Michalicka,M (2205)-Koval,M (2017) Tatranske Zruby 2020}) 13. Bg5 {[%emt 0:17:21] White is much more active.} Qc7 14. Ba2 Be7 15. Bb1 {[%emt 0:04:14] Threatens to win with Bxf6.} g6 16. Qa4 {[%emt 0:09:14] Hoping for Qh4.} Rfd8 17. Qh4 Kg7 18. Bh6+ Kg8 19. Bg5 Kg7 20. Ne4 Nxe4 {[%emt 0:03:14] [#]} 21. Bxe7 (21. Qxe4 f6 22. Bh4 e5 $11) (21. Bxe4 $6 Bxg5 22. Nxg5 h6 $11) (21. Qh6+ $1 $16 Kg8 22. Bxe4) 21... Nxe7 $14 22. Qxe7 {[%emt 0:00:44] Chess con chili.} ({Of course not} 22. Bxe4 f6 $11) 22... Nf6 (22... Bb5 $14 {should be considered.} 23. Qxc7 Rxc7 24. Bxe4 (24. Rxd8 Bxf1 25. Bxe4 Rc1 $11) 24... Bxf1 25. Rxf1 (25. Rxd8 Rc1 $11) 25... f5) 23. Ng5 $36 {[%emt 0:03:39][%mdl 2048] White is on the roll.} Rf8 {[%emt 0:00:09] [#] And now ...Nd5 would win.} 24. Nxh7 $1 Kxh7 (24... Ng4 25. g3) 25. Qxf6 {[%emt 0:00:08] Rd4 would kill now.} Qd8 26. Qf3 Rc7 (26... Qc7 $16) 27. Qh5+ $18 Kg7 {[%emt 0:01:28] [#]} (27... Kg8 $142 28. Bxg6 fxg6 29. Qxg6+ Kh8) 28. Qe5+ $1 Kg8 29. h4 Qc8 30. h5 Rc5 31. Qg3 g5 (31... Qc7) 32. b4 Rb5 33. a4 {[%emt 0:00:15] Weighted Error Value: White=0.15 (very precise) /Black=0.15 (very precise)} 1-0

[Event "Fall GM-C Norm Invitational 2022"]
[Site "Charlotte"]
[Date "2022.11.19"]
[Round "4"]
[White "Macieja, Bartlomiej"]
[Black "Wang, Tianqi"]
[Result "1/2-1/2"]
[ECO "D37"]
[WhiteElo "2514"]
[BlackElo "2428"]
[Annotator "TA"]
[PlyCount "54"]
[EventDate "2022.11.18"]
[EventType "tourn"]
[EventCountry "USA"]
[SourceTitle "playchess.com"]
[Source "ChessBase"]
[SourceQuality "1"]
[TimeControl "5400+30"]

1. c4 e6 2. Nf3 d5 3. d4 Nf6 4. Nc3 Be7 5. Bf4 O-O 6. e3 Nbd7 7. Be2 dxc4 {[%emt 0:06:36] D37: Queen's Gambit Declined: 5 Bf4.} 8. O-O Nd5 9. Bxc4 Nxf4 10. exf4 c5 11. dxc5 Nxc5 12. Qe2 Bf6 {[%emt 0:04:25] [#]} 13. Rfd1 $146 ({Predecessor:} 13. Rad1 Qc7 14. Ne5 a6 15. a4 Nd7 16. Nxf7 Rxf7 17. Bxe6 Nf8 18. Bxf7+ Qxf7 19. Ne4 {1-0 (45) Aronian,L (2813)-Markov,M (2304) Tromsoe 2013}) 13... Qa5 14. Ne5 a6 (14... Na4 $14 {might be stronger.}) 15. a3 {[%emt 0:22:08] aiming for b4.} Qc7 {[%emt 0:10:00] [#]} 16. Rac1 $1 Qe7 17. Ne4 (17. Qe3 $16) 17... Nxe4 18. Qxe4 Rb8 ({Black should play} 18... Rd8 $14) 19. g3 (19. Be2 $16) 19... g6 (19... Rd8 $14) 20. h4 {[%emt 0:00:27] White has more active pieces. The black rooks are badly placed.} (20. Bf1 $16) 20... Kg7 (20... Rd8 $14) 21. h5 (21. Be2 $16) 21... b5 $1 $14 22. Be2 $36 {[%emt 0:00:49][%cal Oh5h6][%mdl 2048] h6+! is the strong threat. White fights for an advantage.} Bb7 23. Qe3 {[%emt 0:00:14] [#] Strongly threatening Rd7.} Rfd8 {[%emt 0:04:56] Inhibits Rd7.} 24. Qa7 Ra8 {[%emt 0:02:14] The position is equal.} 25. Qb6 Rxd1+ 26. Rxd1 Bd5 27. Qe3 Rd8 {[%emt 0:08:00] Weighted Error Value: White=0.27 (precise) /Black=0.25 (precise)} 1/2-1/2

[Event "Fall GM-C Norm Invitational 2022"]
[Site "Charlotte"]
[Date "2022.11.19"]
[Round "4"]
[White "Georgiev, Vladimir"]
[Black "Sethuraman, Sandeep"]
[Result "1/2-1/2"]
[ECO "D45"]
[WhiteElo "2406"]
[BlackElo "2371"]
[Annotator "TA"]
[PlyCount "35"]
[EventDate "2022.11.18"]
[EventType "tourn"]
[EventCountry "USA"]
[SourceTitle "playchess.com"]
[Source "ChessBase"]
[SourceQuality "1"]
[TimeControl "5400+30"]

1. d4 d5 2. c4 e6 3. Nc3 c6 4. e3 Nf6 5. Nf3 a6 6. a4 c5 7. Bd3 {[%emt 0:02:24] is the legacy move (7.cxd5).} dxc4 8. Bxc4 b6 {[%emt 0:00:58] 8...Be7 gains popularity. D26: Queen's Gambit Accepted: 4 e3 e6 5 Bxc5 c5 sidelines.} 9. d5 exd5 10. Nxd5 Bb7 {[%emt 0:01:44] [#]} {Predecessor:} 11. Nc3 $146 Qxd1+ 12. Kxd1 Bd6 13. Ke2 Ke7 14. Ne1 Nbd7 15. Nf3 Ne5 16. Nxe5 Bxe5 17. f3 Rhd8 18. Bd2 {1-0 (38) Mullhaupt,P (2013)-Pecorini,J (1617) Geneve 2019} 1/2-1/2

[Event "Fall GM-C Norm Invitational 2022"]
[Site "Charlotte"]
[Date "2022.11.19"]
[Round "4"]
[White "Rodriguez Garcia, Victor"]
[Black "Gedajlovic, Max"]
[Result "1/2-1/2"]
[ECO "C70"]
[WhiteElo "2350"]
[BlackElo "2317"]
[Annotator "TA"]
[PlyCount "33"]
[EventDate "2022.11.18"]
[EventType "tourn"]
[EventCountry "USA"]
[SourceTitle "playchess.com"]
[Source "ChessBase"]
[SourceQuality "1"]
[TimeControl "5400+30"]

1. e4 e5 2. Nf3 Nc6 3. Bb5 a6 4. Ba4 Nge7 5. O-O g6 6. c3 Bg7 7. d4 b5 {[%emt 0:00:21] C60: Ruy Lopez: Unusual Black 3rd moves and 3...g6.} 8. Bc2 exd4 {[%emt 0:00:09] 8...exd4 scores better than 8...d6.} 9. cxd4 d5 {[%emt 0:01:04] White has an edge.} 10. exd5 Nb4 11. Bb3 {[%emt 0:03:35] [#] Re1 is the strong threat.} h6 $146 ({Predecessor:} 11... Nbxd5 12. Nc3 O-O 13. Re1 h6 14. h3 Nxc3 15. bxc3 Bb7 16. Ne5 Bd5 17. Qg4 Bxb3 18. axb3 {½-½ (40) Caruana,F (2816)-Giri,A (2782) Leuven 2018}) 12. Bf4 Nbxd5 13. Be5 O-O 14. Nc3 Nxc3 15. bxc3 Bb7 16. Re1 Nd5 17. Qd2 {Weighted Error Value: White=0.05 (flawless) /Black=0.09 (flawless)} 1/2-1/2